 Dungeon Crawl Stone Soup version 0.25.0-11-g1f837a76a1 (webtiles) character file.

Game seed: 1473702726296914784

(classic levelgen) 17018 EnegeticOcto the Prestidigitator (level 12, 104/110 HPs)
             Began as a Deep Dwarf Fighter on June 27, 2020.
             Quit the game on level 12 of the Dungeon.
             The game lasted 00:11:21 (6665 turns).

EnegeticOcto the Prestidigitator (DDFi)             Turns: 6665, Time: 00:11:21

Health: 104/110    AC: 19    Str: 26    XL:     12   Next: 15%
Magic:  2/2        EV:  7    Int:  8    God:
Gold:   474        SH: 13    Dex: 18    Spells: 11/11 levels left

rFire    . . .     SeeInvis +   d - +0 war axe (freeze)
rCold    . . .     Gourm    .   c - +0 kite shield
rNeg     . . .     Faith    .   t - +0 chain mail
rPois    .         Spirit   .   L - +2 helmet
rElec    .         Reflect  .   k - +0 cloak
rCorr    .         Harm     .   y - +2 pair of gloves
MR       +....                  (no boots)
Stlth    ..........             (no amulet)
HPRegen  0.00/turn              H - +6 ring of dexterity
MPRegen  0.08/turn              a - ring of see invisible

@: marked, non-regenerating
A: damage resistance, heal wounds, sense surroundings 2, no regeneration
a: Heal Wounds


You were on level 12 of the Dungeon.
You were not hungry.

You visited 1 branch of the dungeon, and saw 12 of its levels.
You visited 1 bazaar.

You collected 520 gold pieces.
You spent 46 gold pieces at shops.

Inventory:

Hand Weapons
 d - a +0 war axe of freezing (weapon)
Armour
 b - a +0 scale mail
 c - a +0 kite shield (worn)
 k - a +0 cloak (worn)
 t - a +0 chain mail (worn)
 y - a +2 pair of gloves (worn)
 J - the +3 hat of Pondering {ponderous, MR+ MP+10 Int+5}
   (You took it off Gastronok on level 9 of the Dungeon)

   It affects your intelligence (+5).
   It affects your resistance to hostile enchantments.
   It affects your magic capacity (+10).
 L - a +2 helmet (worn)
Jewellery
 a - a ring of see invisible (right hand)
 G - an uncursed ring of protection from cold {unknown}
 H - a +6 ring of dexterity (left hand)
Wands
 g - a wand of flame (18) {@v4}
 p - a wand of clouds (1)
 q - a wand of polymorph (15)
Scrolls
 f - 4 scrolls of remove curse {@r2}
 j - 2 scrolls of amnesia
 n - a scroll of identify {@r1}
 o - 2 scrolls of teleportation {@r3 !r}
 r - a scroll of random uselessness
 B - 3 scrolls of immolation
 C - a scroll of noise
 D - 3 scrolls of blinking {@r4}
 E - 2 scrolls of magic mapping {unknown}
 F - a scroll of fog {unknown}
 I - a scroll of torment
 K - a scroll of fear {!r}
 M - a scroll of brand weapon {unknown}
 N - 2 scrolls of vulnerability {unknown}
Potions
 h - a potion of brilliance
 i - 2 potions of cancellation
 l - a potion of mutation
 m - 9 potions of curing {@q1 !q}
 s - 6 potions of heal wounds {@q2 !q}
 u - 2 potions of stabbing {@q5 !q}
 v - a potion of degeneration
 x - a potion of magic
 z - 2 potions of flight
 A - a potion of resistance
Comestibles
 e - 13 rations


   Skills:
 + Level 7.7 Fighting
 * Level 11.8 Axes
 + Level 9.1 Armour
 + Level 9.1 Shields
 * Level 13.1 Evocations


You had 11 spell levels left.
You didn't know any spells.
Your spell library contained the following spells:

 Spells                   Type           Power        Failure   Level  Hunger
 Animate Skeleton         Necr           N/A          99%         1    ##.....
 Pain                     Necr           #...         99%         1    ##.....
 Blink                    Tloc           N/A          100%        2    ###....
 Corpse Rot               Necr/Air       N/A          100%        2    ###....
 Shroud of Golubria       Chrm/Tloc      #.....       100%        2    ###....
 Sublimation of Blood     Necr           #.........   100%        2    ###....
 Confusing Touch          Hex            #.......     100%        3    ####...
 Gell's Gravitas          Tloc           #.........   100%        3    ####...
 Lesser Beckoning         Tloc           #.........   100%        3    ####...
 Teleport Other           Tloc           #.......     100%        3    ####...
 Vampiric Draining        Necr           #.........   100%        3    ####...
 Animate Dead             Necr           N/A          100%        4    #####..
 Dispel Undead            Necr           #.......     100%        4    #####..
 Passage of Golubria      Tloc           N/A          100%        4    #####..
 Petrify                  Tmut/Erth      #.......     100%        4    #####..
 Agony                    Necr           #.......     100%        5    ######.
 Excruciating Wounds      Chrm/Necr      #.........   100%        5    ######.
 Metabolic Englaciation   Hex/Ice        #.........   100%        5    ######.
 Yara's Violent Unravell  Hex/Tmut       #.........   100%        5    ######.


Dungeon Overview and Level Annotations

Branches:
Dungeon (12/15)              Lair (0/6) D:11            Orc (0/2) D:12
 Temple: D:4-7

Altars:
Ashenzari
Dithmenos

Shops:
D:6 *   D:9 :


Innate Abilities, Weirdness & Mutations

You are resistant to damage.
You can heal yourself by infusing magical energy.
You passively map the area around you.
You do not regenerate.


Message History

You are too injured to fight recklessly!
You are too injured to fight recklessly!
You feel much better.
The rakshasa shimmers and vanishes!
You feel much better.
No target in view!
No target in view!
No target in view!
No target in view!
No target in view!
No target in view!
N - 2 scrolls labeled VAOCUDGHYHEC (gained 1)
You hear the stately tolling of a distant bell.
You hear the thunderous beating of a drum.
Found an escape hatch in the ceiling.
Found a stone staircase leading down.
Found a trident.
You start to feel less resistant.
Your resistance to elements expires.
Found a flickering gateway to a bazaar.
There is a fountain of sparkling water here.
Found 4 gold pieces.
There is a flickering gateway to a bazaar here.
The world spins around you as you enter the gateway.
You enter an inter-dimensional bazaar!
Found a gate leading back out of this place.
There is an empty arch of ancient stone here.
You open the large door.
Found Kaly's Assorted Antiques.
There is a large open door here.
Some of the chunks of flesh in your inventory have rotted away.
There is a large open door here.
There is an entrance to Kaly's Assorted Antiques here.
You open the door.
There is an open door here.
You open the door.
Found Pyluweclai's Book Emporium.
There is an open door here.
There is an entrance to Pyluweclai's Book Emporium here.
As you open the door, it creaks loudly!
There is an open door here.
All of the chunks of flesh in your inventory have rotted away.
You open the door.
Found Wanuos's Book Boutique.
There is an open door here.
There is an entrance to Wanuos's Book Boutique here.
You open the door.
There is an open door here.
You open the door.
Found Unupnif's General Store.
Dithmenos calls forth shadows to punish you. 2 shadow demons and 4 shadows come into view.
There is an open door here.
There are monsters nearby!
Really read
o - 3 scrolls of teleportation {@r3 !r}?
As you read the scroll of teleportation {@r3 !r}, it crumbles to dust.
You feel strangely unstable.
The shadow demon gestures.
The shadow slips into darkness.
The shadow flickers and vanishes for a moment.
The shadow hits you.
The shadow demon hits you but does no damage.
You hit the shadow but do no damage. You hit the shadow.
You slash the shadow demon! You hit the shadow but do no damage.
The shadow hits you. You block the shadow demon's attack.
You block the shadow's attack. The shadow hits you.
You closely miss the shadow. You hit the shadow demon. You hit the shadow.
Your shield prevents you from hitting the shadow.
You hit the shadow.
Your surroundings suddenly seem different.
There is an open door here.
There is an open door here.
There is a large open door here.
There is a large open door here.
There is an empty arch of ancient stone here.
There is a gate leading back out of this place here.
Welcome back to the Dungeon!
You hear a distant snort.
Hark!
There is a gateway to a gauntlet on this level.
Find the entrance quickly before the gate is sealed!
You hear the deafening beating of a distant drum.
There is an empty arch of ancient stone here.
There is a fountain of sparkling water here.
You now have 474 gold pieces (gained 4).
There is a fountain of sparkling water here.
There is a fountain of sparkling water here.
You hear the deafening beating of a drum nearby.
You see here a +0 mace.
Items here: )) [[ ÷ a +0 leather armour; a +0 club; a cursed +0 robe; a +1 dagger of venom the human skeleton of Josephine
Items here: )) [[ ÷ a +0 ring mail; a +0 falchion; a +0 robe; a +0 dagger; an orc skeleton The portal is a mimic!
The portal mimic titters and vanishes in a puff of smoke!
Found a scroll of identify.
n - a scroll of identify {@r1}
Found a staircase to the Orcish Mines.
Found an escape hatch in the floor.
Dithmenos tears the shadows away from you.
A sentinel's mark forms upon you.
Dithmenos seems mollified.
Are you sure you want to abandon this character and quit the game? (Confirm with "yes".)

...###.#.....§≈≈ ≈ ≈ *
....##.........# §§§§.§§, *
..............###...§§§.
.......#......##........ *
.......#......#...?..... ,
, ........................
, , *
........................ *
.............>>......### *
..#.............@#.....###
.##......................#
###.......................*
..........................
..##......................
..###..................#*
.................)....##
..................<..##
.(...............)..##


There were no monsters in sight!

Vanquished Creatures
  Gastronok (D:9)
  A fire giant (D:11)
  Snorg (D:12)
  Josephine (D:12)
  3 two-headed ogres
  3 shadow demons (D:11)
  A wolf spider (D:11)
  A cyclops (D:11)
  A manticore (D:12)
  Joseph (D:10)
  2 gargoyles
  Maggie (D:7)
  3 trolls
  Sigmund (D:6)
  4 wraiths (D:12)
  5 shadows
  15 yaks
  A fire elemental (D:12)
  A hungry ghost (D:11)
  A water moccasin (D:10)
  3 orc warriors
  2 ice beasts
  3 sky beasts
  2 black bears
  3 phantoms
  A necrophage (D:11)
  An eye of draining (D:10)
  7 ogres
  3 centaurs
  3 big kobolds
  6 bullfrogs
  2 scorpions
  3 killer bees (D:9)
  A wight (D:11)
  7 crimson imps
  A centaur zombie (D:10)
  A bullfrog zombie (D:6)
  2 quasits
  4 orc priests
  6 hounds
  5 jellies
  2 centaur skeletons (D:8)
  6 orc wizards
  4 iguanas
  5 worker ants
  A hound zombie (D:10)
  2 hound skeletons
  A worker ant zombie (D:9)
  3 gnolls (D:2)
  10 adders
  An ooze (D:2)
  An adder skeleton (D:5)
  5 worms
  3 leopard geckos
  26 orcs
  2 ball pythons (D:4)
  3 bats (D:3)
  2 giant cockroaches
  5 goblins
  3 hobgoblins
  11 jackals
  4 quokkas
  2 frilled lizards
  A jackal skeleton (D:6)
  22 kobolds
  3 leopard gecko skeletons
  A leopard gecko zombie (D:6)
  2 quokka zombies
  2 rats
247 creatures vanquished.

Vanquished Creatures (others)
  An orc wizard (D:12)
  An orc (D:12)
2 creatures vanquished.

Grand Total: 249 creatures vanquished

Notes
Turn   | Place    | Note
-------+----------+-------------------------------------------
     0 | D:1      | EnegeticOcto the Deep Dwarf Fighter began the quest for the
                  | Orb.
     0 | D:1      | Reached XP level 1. HP: 20/20 MP: 1/1
   164 | D:1      | Reached XP level 2. HP: 27/27 MP: 2/2
   408 | D:2      | Reached skill level 3 in Fighting
   408 | D:2      | Reached skill level 3 in Axes
   408 | D:2      | Reached XP level 3. HP: 23/34 MP: 3/3
   479 | D:2      | Reached XP level 4. HP: 34/42 MP: 4/4
   524 | D:3      | Found a shadowy altar of Dithmenos.
   545 | D:3      | Became a worshipper of Dithmenos the Shadowed
   546 | D:3      | Fell from the grace of Dithmenos
   615 | D:3      | You fall into a shaft and drop 2 floors!
   615 | D:5      | Entered Level 5 of the Dungeon
   728 | D:5      | Reached skill level 4 in Shields
   861 | D:5      | Reached skill level 4 in Armour
   861 | D:5      | Reached skill level 1 in Evocations
   890 | D:5      | Your magical essence is drained by the effort!
   915 | D:5      | Noticed a phantom
   948 | D:5      | Killed a phantom
   948 | D:5      | Reached skill level 4 in Axes
   948 | D:5      | Reached skill level 2 in Evocations
   948 | D:5      | Reached XP level 5. HP: 30/49 MP: 3/5
   979 | D:5      | Your magical essence is drained by the effort!
   993 | D:5      | Reached XP level 6. HP: 50/56 MP: 5/5
  1152 | D:5      | Reached skill level 3 in Evocations
  1170 | D:5      | Noticed a shadow
  1170 | D:5      | Noticed a shadow
  1170 | D:5      | Noticed a shadow
  1177 | D:5      | Your magical essence is drained by the effort!
  1185 | D:5      | Killed a shadow
  1190 | D:5      | Killed a shadow
  1197 | D:5      | Killed a shadow
  1485 | D:4      | Reached skill level 5 in Axes
  1545 | D:4      | Noticed a shadow
  1545 | D:4      | Noticed a shadow
  1545 | D:4      | Noticed a shadow
  1545 | D:4      | Noticed a shadow
  1734 | D:3      | Reached XP level 7. HP: 63/63 MP: 6/6
  1856 | D:3      | Your magical essence is drained by the effort!
  1937 | D:3      | Your magical essence is drained by the effort!
  2051 | D:3      | Noticed a shadow
  2051 | D:3      | Noticed a shadow
  2051 | D:3      | Noticed a shadow
  2051 | D:3      | Noticed a shadow
  2105 | D:5      | Your magical essence is drained by the effort!
  2108 | D:5      | Your magical essence is drained by the effort!
  2120 | D:5      | Killed a shadow
  2125 | D:6      | Noticed Sigmund
  2132 | D:6      | Your magical essence is drained by the effort!
  2135 | D:6      | Reached skill level 4 in Evocations
  2135 | D:6      | Reached skill level 4 in Fighting
  2135 | D:6      | Killed Sigmund
  2135 | D:6      | Reached skill level 5 in Armour
  2135 | D:6      | Reached skill level 5 in Shields
  2138 | D:6      | Reached skill level 5 in Evocations
  2145 | D:6      | Reached skill level 6 in Axes
  2145 | D:6      | Reached XP level 8. HP: 72/72 MP: 1/4
  2236 | D:6      | Reached skill level 6 in Evocations
  2349 | D:6      | Found Tuclui Yriu's Assorted Antiques.
  2374 | D:6      | Bought a scroll labeled RIZAYN TILUMIU for 23 gold pieces
  2374 | D:6      | Bought a scroll labeled HANACLOAPLI for 23 gold pieces
  2455 | D:6      | Found a shattered altar of Ashenzari.
  2559 | D:6      | Reached skill level 7 in Axes
  2755 | D:7      | Reached skill level 7 in Evocations
  2895 | D:7      | Noticed a centaur warrior
  3131 | D:7      | Noticed Maggie
  3159 | D:7      | Killed Maggie
  3159 | D:7      | Reached skill level 5 in Fighting
  3159 | D:7      | Reached skill level 6 in Armour
  3159 | D:7      | Reached skill level 6 in Shields
  3159 | D:7      | Gained mutation: You passively map the area around you.
                  | [Deep Dwarf growth]
  3159 | D:7      | Reached XP level 9. HP: 78/81 MP: 6/6
  3639 | D:8      | Reached skill level 8 in Evocations
  3763 | D:8      | Reached skill level 8 in Axes
  3915 | D:9      | Reached skill level 9 in Evocations
  4017 | D:9      | Found Pujicaqo's Book Emporium.
  4058 | D:9      | Noticed Gastronok
  4083 | D:9      | Your magical essence is drained by the effort!
  4087 | D:9      | Your magical essence is drained by the effort!
  4094 | D:9      | Killed Gastronok
  4094 | D:9      | Reached skill level 6 in Fighting
  4094 | D:9      | Reached skill level 9 in Axes
  4094 | D:9      | Reached skill level 7 in Armour
  4094 | D:9      | Reached skill level 7 in Shields
  4094 | D:9      | Reached skill level 10 in Evocations
  4094 | D:9      | Reached XP level 10. HP: 91/91 MP: 5/7
  4363 | D:9      | Your magical essence is drained by the effort!
  4617 | D:9      | Your magical essence is drained by the effort!
  4658 | D:10     | Entered Level 10 of the Dungeon
  4679 | D:10     | Noticed a two-headed ogre
  4684 | D:10     | Killed a two-headed ogre
  4703 | D:10     | Reached skill level 10 in Axes
  4817 | D:10     | Noticed Joseph
  4831 | D:10     | Reached skill level 11 in Evocations
  4834 | D:10     | Killed Joseph
  5289 | D:11     | Noticed a gargoyle
  5293 | D:11     | Your magical essence is drained by the effort!
  5303 | D:11     | Killed a gargoyle
  5303 | D:11     | Reached skill level 8 in Shields
  5303 | D:11     | Reached XP level 11. HP: 82/99 MP: 6/6
  5327 | D:11     | Found a staircase to the Lair.
  5344 | D:11     | Reached skill level 8 in Armour
  5409 | D:11     | Noticed a two-headed ogre
  5415 | D:11     | Killed a two-headed ogre
  5528 | D:11     | Noticed a shadow demon
  5528 | D:11     | Noticed a shadow demon
  5528 | D:11     | Noticed a shadow demon
  5530 | D:11     | Noticed a cyan ugly thing
  5530 | D:11     | Killed a shadow demon
  5540 | D:11     | Killed a shadow demon
  5543 | D:11     | Noticed a sun demon
  5552 | D:11     | Killed a shadow demon
  5554 | D:11     | Your magical essence is drained by the effort!
  5914 | D:11     | Noticed a wolf spider
  5917 | D:11     | Noticed a fire giant
  5920 | D:11     | Killed a wolf spider
  5920 | D:11     | Reached skill level 7 in Fighting
  5922 | D:11     | Reached skill level 12 in Evocations
  5927 | D:11     | Killed a fire giant
  5927 | D:11     | Reached skill level 11 in Axes
  6236 | D:12     | Noticed Snorg
  6236 | D:12     | Noticed a two-headed ogre
  6251 | D:12     | Your magical essence is drained by the effort!
  6256 | D:12     | Killed a two-headed ogre
  6272 | D:12     | Killed Snorg
  6273 | D:12     | Your magical essence is drained by the effort!
  6330 | D:12     | Reached skill level 9 in Shields
  6348 | D:12     | Your magical essence is drained by the effort!
  6380 | D:12     | Found a gate leading to a gauntlet.
  6380 | D:12     | Noticed Josephine
  6392 | D:12     | Reached skill level 9 in Armour
  6392 | D:12     | Reached XP level 12. HP: 109/109 MP: 4/4
  6401 | D:12     | Killed Josephine
  6401 | D:12     | Reached skill level 13 in Evocations
  6434 | D:12     | Noticed a rakshasa
  6449 | D:12     | Your magical essence is drained by the effort!
  6454 | D:12     | Your magical essence is drained by the effort!
  6515 | D:12     | Found a flickering gateway to a bazaar.
  6522 | Bazaar   | Entered a bazaar
  6526 | Bazaar   | Found Kaly's Assorted Antiques.
  6544 | Bazaar   | Found Pyluweclai's Book Emporium.
  6561 | Bazaar   | Found Wanuos's Book Boutique.
  6578 | Bazaar   | Found Unupnif's General Store.
  6650 | D:12     | Found a staircase to the Orcish Mines.
  6664 | D:12     | Was forgiven by Dithmenos
  6665 | D:12     | Quit the game

Illustrated notes

Levels and vault maps discovered:
D:1:      lemuel_arrival_funnel, layout_basic, nrook_mini_backslash,
          wad_floor_pattern_untrapped, minmay_split_cup_small
D:2:      layout_rooms, minmay_split_cup_large
D:3:      layout_loops_ring, lemuel_doored_altar, first_ration
D:4:      layout_cave_pools, minmay_temple_entry_statues_pillars, serial_shops,
          nicolae_shop_crystal
D:5:      layout_loops_ring
D:6:      layout_rooms, marbit_many_paths, serial_shops, shop_fountains,
          uniq_sigmund
D:7:      layout_cave_pods, uniq_maggie
D:8:      layout_rooms
D:9:      layout_irregular_city, serial_shops, nicolae_shop_statue_plus,
          uniq_gastronok
D:10:     layout_cave_pools, uniq_joseph
D:11:     wad_statue_garden, layout_basic, lair_entry_dummy
D:12:     cheibrodos_lost_city_excavation, layout_cave_pools, orc_0_dummy,
          gauntlet_entry_generic, serial_shops, bzr_entry_road, grunt_pizzeria,
          uniq_snorg, uniq_josephine

Skill      XL: |  1  2  3  4  5  6  7  8  9 10 11 12 |
---------------+-------------------------------------+-----
Fighting       | 3 4 5 6 7 |  7.7
Axes           | 3 4 5 6 7 9 10 11 | 11.8
Shields        | 4 5 6 7 8 9 |  9.1
Armour         | 4 5 6 7 9 |  9.1
Evocations     | 2 3 5 7 10 11 12 13 | 13.1

Action                   |  1- 3 |  4- 6 |  7- 9 | 10-12 || total
-------------------------+-------+-------+-------+-------++-------
Melee: War axe           |    64 |   215 |   339 |   425 ||  1043
Invok: Renounce Religion |       |     1 |       |       ||     1
 Abil: Heal Wounds       |     1 |    12 |    27 |    30 ||    70
Evoke: Wand              |       |       |     4 |     7 ||    11
  Use: Scroll            |       |     3 |    10 |    13 ||    26
       Potion            |       |     2 |     1 |     4 ||     7
 Stab: Confused          |       |       |     1 |       ||     1
       Invisible         |       |       |       |    10 ||    10
  Eat: Chunk             |       |     3 |     9 |     6 ||    18
       Ration            |       |       |       |     2 ||     2
Armor: Scale mail        |    31 |   123 |    53 |       ||   207
       Chain mail        |       |       |   122 |   204 ||   326
       Skin              |       |       |       |   114 ||   114
Dodge: Dodged            |    22 |    70 |   105 |   107 ||   304
Block: Kite shield       |    50 |   162 |   202 |   348 ||   762
